 Dungeon Crawl Stone Soup version 0.23.2-30-g0e89c35649 (webtiles) character file.

Game seed: 12178712730493284659

10939 Descartes the Blocker (level 12, -9/94 HPs)
             Began as a Formicid Fighter on June 13, 2019.
             Was a High Priest of Cheibriados.
             Mangled by a titanic slime creature (92 damage)
             ... on level 11 of the Dungeon on June 14, 2019.
             The game lasted 00:35:50 (10563 turns).

Descartes the Blocker (Formicid Fighter)           Turns: 10563, Time: 00:35:50

Health: -9/94      AC: 11    Str: 34    XL:     12   Next: 1%
Magic:  15/15      EV: 17    Int: 22    God:    Cheibriados [*****.]
Gold:   186        SH: 15    Dex: 30    Spells: 3/11 levels left

rFire    . . .     SeeInvis +   a - +3 battleaxe
rCold    . . .     Gourm    .   c - +0 shield
rNeg     . . .     Faith    .   r - +2 scale mail {MR+}
rPois    +         Spirit   .   (helmet unavailable)
rElec    .         Reflect  .   w - scarf {cloud immunity}
rCorr    .         Harm     .   t - +0 pair of gloves
MR       +++..                  (no boots)
Stlth    +.........             (no amulet)
HPRegen  0.25/turn              h - ring of protection from magic
MPRegen  0.14/turn              g - ring "Astrett" {rPois Dex+3 Slay+1}

@: very slow
A: permanent stasis, dig shafts and tunnels, four strong arms, antennae 3
a: Dig, Shaft Self, Bend Time, Temporal Distortion, Slouch, Step From Time,
Renounce Religion


You were on level 11 of the Dungeon.
You worshipped Cheibriados.
Cheibriados was extremely pleased with you.
You were not hungry.

You visited 2 branches of the dungeon, and saw 12 of its levels.
You also visited: Ossuary.

You collected 757 gold pieces.
You spent 571 gold pieces at shops.

Inventory:

Hand Weapons
 a - a +3 battleaxe (weapon)
 b - a +5 morningstar
 O - a +4 scimitar of flaming
Missiles
 e - 134 arrows
 l - 444 stones
 p - 11 javelins (quivered)
 z - 10 tomahawks
 R - 6 curare-tipped needles
Armour
 c - a +0 shield (worn)
 q - a +0 cloak
 r - a +2 scale mail of magic resistance (worn)
 t - a +0 pair of gloves (worn)
 w - a scarf of cloud immunity (worn)
 Q - a +0 ring mail of magic resistance
Jewellery
 g - the ring "Astrett" (right hand) {rPois Dex+3 Slay+1}
   (You bought it in a shop on level 7 of the Dungeon)

   [ring of slaying]

   It affects your dexterity (+3).
   It affects your accuracy and damage with ranged weapons and melee attacks
   (+1).
   It protects you from poison.
 h - a ring of protection from magic (left hand)
 E - a +2 ring of intelligence
 S - a +3 ring of protection {unknown}
Wands
 F - a wand of iceblast (12)
Scrolls
 i - 3 scrolls of enchant armour
 m - a scroll of holy word {unknown}
 n - 2 scrolls of fog
 o - 10 scrolls of remove curse
 u - 3 scrolls of immolation {unknown}
 x - a scroll of torment {unknown}
 y - 2 scrolls of magic mapping
 A - a scroll of amnesia {unknown}
 B - 2 scrolls of enchant weapon
 K - 2 scrolls of identify
 L - a scroll of vulnerability
 P - a scroll of teleportation {unknown}
Potions
 d - 3 potions of might
 j - 2 potions of brilliance
 k - a potion of resistance
 s - 5 potions of curing
 v - a potion of agility
 C - 4 potions of heal wounds
 D - 3 potions of lignification
 G - 2 potions of invisibility
 H - 4 potions of ambrosia
 I - a potion of cancellation
 J - a potion of magic
Miscellaneous
 M - a phial of floods
Comestibles
 f - 26 rations


   Skills:
 + Level 8.4 Fighting
 + Level 7.5(8.2) Axes
 + Level 4.9(6.9) Maces & Flails
 + Level 8.5 Armour
 + Level 6.5 Dodging
 - Level 10.6 Shields
 + Level 4.7 Invocations
 + Level 4.1 Evocations


You had 3 spell levels left.
You knew the following spells:

 Your Spells              Type           Power        Failure   Level  Hunger
a - Dazzling Spray        Conj/Hex       #.....       65%         3    ####...
b - Magic Dart            Conj           #...         28%         1    ##.....
c - Confuse               Hex            #.......     65%         3    ####...
d - Sandblast             Erth           #.....       28%         1    ##.....

Your spell library contained the following spells:

 Spells                   Type           Power        Failure   Level  Hunger
 Confusing Touch          Hex            #.....       28%         1    ##.....
 Corona                   Hex            #......      28%         1    ##.....
 Infusion                 Chrm           #...         28%         1    ##.....
 Shock                    Conj/Air       #...         28%         1    ##.....
 Summon Small Mammal      Summ           #...         28%         1    ##.....
 Ensorcelled Hibernation  Hex/Ice        #.....       41%         2    ###....
 Passwall                 Tmut/Erth      #.......     41%         2    ###....
 Searing Ray              Conj           #.....       41%         2    ###....
 Shroud of Golubria       Chrm/Tloc      #.........   41%         2    ###....
 Song of Slaying          Chrm           #.......     41%         2    ###....
 Swiftness                Chrm/Air       #.......     41%         2    ###....
 Gell's Gravitas          Tloc           #.........   65%         3    ####...
 Regeneration             Chrm/Necr      #.........   65%         3    ####...
 Spectral Weapon          Hex/Chrm       #.......     65%         3    ####...
 Static Discharge         Conj/Air       #.......     65%         3    ####...
 Stone Arrow              Conj/Erth      #.....       65%         3    ####...
 Tukima's Dance           Hex            #.......     65%         3    ####...
 Airstrike                Air            #.........   96%         4    #####..
 Force Lance              Conj/Tloc      #.......     96%         4    #####..
 Fulminant Prism          Conj/Hex       #.........   96%         4    #####..
 Iskenderun's Mystic Bla  Conj           #.......     96%         4    #####..
 Petrify                  Tmut/Erth      #.......     96%         4    #####..
 Lee's Rapid Deconstruct  Erth           #.........   100%        5    ######.
 Lightning Bolt           Conj/Air       #.........   100%        5    ######.
 Metabolic Englaciation   Hex/Ice        #.........   100%        5    ######.
 Yara's Violent Unravell  Hex/Tmut       #.........   100%        5    ######.


Dungeon Overview and Level Annotations

Branches:
Dungeon (11/15)            Temple (1/1) D:5            Lair (0/6) D:11
    Orc: D:9-12

Altars:
Ashenzari
Cheibriados
Dithmenos
Elyvilon
Fedhas
Gozag
Hepliaklqana
Kikubaaqudgha
Makhleb
Nemelex Xobeh
Okawaru
Qazlal
Ru
Sif Muna
Trog
Uskayaw
Vehumet
Wu Jian
Xom
Yredelemnul
Zin
The Shining One

Shops:
D:7 =   D:9 ?

Annotations:
D:7 1 runed translucent door, CheeseeCupcake's ghost, novice KoHu


Innate Abilities, Weirdness & Mutations

You cannot be hasted, slowed, berserked, paralysed or teleported.
You can dig through walls and to a lower floor.
Your four strong arms can wield two-handed weapons with a shield.
You have a pair of large antennae on your head. (SInv)


Message History

You kill the orc priest!
Cheibriados appreciates the change of pace.
You slash the slime creature! The orc warrior misses you.
You block the slime creature's attack. The orc warrior completely misses you.
The very large slime creature completely misses you.
Two slime creatures merge to form an enormous slime creature.
The orc warrior closely misses you.
The bullfrog snags a nearby mouse with its tongue.
You block the slime creature's attack.
The orc warrior hits you but does no damage.
You slash the slime creature!
The slime creature is heavily wounded.
You closely miss the orc warrior. The slime creature closely misses you.
You block the orc warrior's attack.
Two slime creatures merge to form a titanic slime creature.
The orc warrior throws a stone.
You block the stone.
You see here a stone.
The titanic slime creature hits you!!!!
Ouch! That really hurt!
You die...

..##.....# #.......... ..##.....#
#.......... ..##.....#.#
#.......... ..##.....#.#
#..(....... ..##.....#.#
#..(....... ..##.....#.#
#...[...... ..##....)#.#
####.##'###### ...........#
#.JF.)...... ####[...<..#
#@##.##.#### ...'.......# #.##.#
o.. ####.......#####.##.#
########### ####.......##.......#
#.........[
...+....>..##.##.######.#########
####.......##>##.#...............
.###.......##.##.#.####.#####..##
.....#.....##.##.#....#..........
.#####.....##.##.####.#####...###


You could see a titanic slime creature and a bullfrog.

Vanquished Creatures
  A two-headed ogre (D:10)
  Erica (D:10)
  Sonja (D:11)
  An unseen horror (D:10)
  The ghost of Titania the Geomancer, a novice GrEE of Cheibriados (D:6)
  An ugly thing (D:10)
  Joseph (D:9)
  2 gargoyles (D:11)
  A tengu conjurer (D:10)
  A troll (D:10)
  A hornet (D:10)
  2 hippogriffs (D:11)
  4 yaks
  2 basilisks (D:11)
  2 orc warriors
  A sky beast (D:6)
  An ice beast (D:6)
  Purgy (D:3)
  2 phantoms
  3 ogres
  A crocodile (D:9)
  2 centaurs
  A big kobold (D:11)
  5 bullfrogs
  A wyvern skeleton (D:10)
  10 scorpions
  3 killer bees (D:8)
  18 wights
  A howler monkey (D:7)
  2 centaur zombies
  6 crimson imps
  3 human zombies (Ossuary)
  A hound (D:7)
  A quasit (D:7)
  8 orc priests
  A bullfrog skeleton (D:7)
  2 bullfrog zombies
  A jelly (D:10)
  2 centaur skeletons
  7 orc wizards
  11 worker ants
  6 big kobold zombies (Ossuary)
  2 hound zombies
  4 mummies
  A worker ant zombie (D:11)
  7 gnolls
  A howler monkey skeleton (D:8)
  15 adders
  6 scorpion zombies (Ossuary)
  4 shadow imps
  An ooze (D:5)
  An adder skeleton (D:8)
  An adder zombie (D:6)
  2 worms (D:2)
  5 dart slugs
  7 leopard geckos
  26 orcs
  3 giant cockroaches
  3 gnoll zombies (Ossuary)
  10 goblins
  9 hobgoblins
  11 jackals
  5 quokkas
  A ball python (D:7)
  7 bats
  8 frilled lizards
  4 goblin zombies (Ossuary)
  2 hobgoblin zombies (Ossuary)
  2 jackal skeletons
  A jackal zombie (D:7)
  12 kobolds
  4 orc zombies
  8 rats
296 creatures vanquished.

Notes
Turn   | Place    | Note
-------+----------+-------------------------------------------
     0 | D:1      | Descartes the Formicid Fighter began the quest for the Orb.
     0 | D:1      | Reached XP level 1. HP: 18/18 MP: 1/1
   123 | D:1      | Reached XP level 2. HP: 24/24 MP: 2/2
   274 | D:1      | Reached skill level 4 in Shields
   364 | D:1      | Reached XP level 3. HP: 29/29 MP: 3/3
   774 | D:2      | Reached skill level 1 in Dodging
   883 | D:2      | Reached XP level 4. HP: 29/36 MP: 4/4
  1702 | D:2      | Reached XP level 5. HP: 41/42 MP: 5/5
  2128 | D:3      | Reached skill level 5 in Shields
  2363 | D:3      | Noticed Purgy
  2403 | D:3      | Killed Purgy
  2403 | D:3      | Reached XP level 6. HP: 7/48 MP: 6/6
  2718 | D:3      | Found a basalt altar of Yredelemnul.
  3487 | D:4      | Noticed a phantom
  3522 | D:4      | Killed a phantom
  3522 | D:4      | Reached skill level 6 in Shields
  3522 | D:4      | Reached XP level 7. HP: 28/55 MP: 7/7
  4245 | D:5      | Entered Level 5 of the Dungeon
  4519 | D:5      | Reached XP level 8. HP: 61/61 MP: 8/8
  4591 | D:5      | Reached skill level 5 in Armour
  4607 | D:5      | Reached skill level 7 in Shields
  4643 | D:5      | Found a staircase to the Ecumenical Temple.
  4652 | Temple   | Entered the Ecumenical Temple
  4724 | Temple   | Became a worshipper of Cheibriados the Contemplative
  4881 | D:5      | Reached skill level 5 in Fighting
  4911 | D:5      | Found an opulent altar of Gozag.
  5058 | D:5      | Learned a level 3 spell: Dazzling Spray
  5060 | D:5      | Learned a level 1 spell: Magic Dart
  5240 | D:5      | Reached * piety under Cheibriados
  5619 | D:6      | Found a runed translucent door.
  5620 | D:6      | Noticed Titania's ghost (novice GrEE)
  5659 | D:6      | Killed Titania's ghost
  5659 | D:6      | Reached skill level 8 in Shields
  5659 | D:6      | Reached XP level 9. HP: 25/69 MP: 9/9
  5991 | D:6      | Reached skill level 5 in Axes
  6262 | D:6      | Found an opulent altar of Gozag.
  6305 | D:6      | Reached skill level 9 in Shields
  6321 | D:6      | Learned a level 3 spell: Confuse
  6821 | D:7      | Found a runed translucent door.
  6821 | D:7      | Found a shimmering altar of Xom.
  6821 | D:7      | Noticed a +2 trident of chaos
  6821 | D:7      | Noticed CheeseeCupcake's ghost (novice KoHu)
  7091 | D:7      | Reached ** piety under Cheibriados
  7106 | D:7      | Found a white marble altar of Elyvilon.
  7184 | D:7      | Reached skill level 1 in Maces & Flails
  7191 | D:7      | Reached XP level 10. HP: 32/77 MP: 10/10
  7542 | D:7      | Found Emeabeed's Jewellery Emporium.
  7547 | D:7      | Bought the ring "Astrett" {rPois Dex+3 Slay+1} for 235 gold
                  | pieces
  7841 | D:8      | Reached *** piety under Cheibriados
  7841 | D:8      | Reached skill level 10 in Shields
  7987 | D:8      | Found a deep blue altar of Sif Muna.
  8021 | D:8      | Identified Sif Muna's Incunabulum of the Escort
  8075 | D:8      | Reached skill level 5 in Dodging
  8106 | D:8      | Found a sand-covered staircase.
  8111 | Ossuary  | Entered an ossuary
  8189 | Ossuary  | Reached **** piety under Cheibriados
  8747 | D:9      | Noticed Joseph
  8754 | D:9      | Killed Joseph
  8798 | D:9      | Reached skill level 1 in Invocations
  8978 | D:9      | Found Annu's Magic Scroll Shop.
  8986 | D:9      | Bought a scroll of identify for 30 gold pieces
  8986 | D:9      | Bought a scroll of magic mapping for 52 gold pieces
  8986 | D:9      | Bought a scroll of identify for 30 gold pieces
  8986 | D:9      | Bought a scroll of vulnerability for 112 gold pieces
  8986 | D:9      | Bought a scroll of enchant weapon for 112 gold pieces
  9055 | D:9      | Reached skill level 1 in Evocations
  9244 | D:10     | Entered Level 10 of the Dungeon
  9245 | D:10     | Noticed Erica
  9254 | D:10     | Killed Erica
  9254 | D:10     | Reached XP level 11. HP: 56/84 MP: 12/12
  9375 | D:10     | Noticed a red ugly thing
  9381 | D:10     | Killed a red ugly thing
  9389 | D:10     | Reached ***** piety under Cheibriados
  9583 | D:10     | Noticed an unseen horror
  9593 | D:10     | Killed an unseen horror
  9596 | D:10     | Noticed a two-headed ogre
  9605 | D:10     | Killed a two-headed ogre
 10043 | D:11     | Noticed Sonja
 10053 | D:11     | Killed Sonja
 10145 | D:11     | Learned a level 1 spell: Sandblast
 10300 | D:11     | Found a burning altar of Makhleb.
 10383 | D:11     | Found a staircase to the Lair.
 10403 | D:11     | Reached XP level 12. HP: 85/94 MP: 15/15
 10563 | D:11     | Mangled by a titanic slime creature

Skill      XL: |  1  2  3  4  5  6  7  8  9 10 11 |
---------------+----------------------------------+-----
Shields        | 4 5 6 8 9 10 | 10.6
Dodging        | 1 2 3 4 5 6 |  6.5
Armour         | 4 5 6 7 8 |  8.5
Fighting       | 4 5 6 7 8 |  8.4
Axes           | 3 4 5 6 7 |  7.5
Maces & Flails | 1 3 4 |  4.9
Invocations    | 2 4 |  4.7
Evocations     | 1 4 |  4.1

Action                   |  1- 3 |  4- 6 |  7- 9 | 10-12 || total
-------------------------+-------+-------+-------+-------++-------
Melee: War axe           |    88 |   272 |   380 |     3 ||   743
       Battleaxe         |       |       |       |   301 ||   301
       Morningstar       |       |       |       |     8 ||     8
 Abil: Dig               |     1 |     8 |       |     9 ||    18
Evoke: Wand              |       |       |       |     3 ||     3
  Use: Scroll            |       |     3 |     7 |     5 ||    15
       Potion            |       |     1 |     2 |       ||     3
  Eat: Chunk             |       |     9 |    10 |     7 ||    26
Armor: Scale mail        |    37 |       |       |    25 ||    62
       Chain mail        |     6 |   166 |    28 |       ||   200
       Plate armour      |       |       |   142 |    61 ||   203
Dodge: Dodged            |    29 |   116 |   110 |   153 ||   408
Block: Shield            |    50 |   200 |   238 |   277 ||   765
